[ AOE2 MATCH · #506930218 ]
UnrankedDravidians vs Chinese
Rival team · LOSS
[ REPLAY ANALYSIS · EXTRACTED FROM THE RECORDED GAME ]
Feudal
—
Castle
—
Imperial
—
| APM avg | 58.5 |
| APM peak | 83 |
| eAPM avg | 26.2 |
| Villagers / military | 22 / 2 |
Focus
⚔️ 44.3% · 🌾 55.7%
Militia ×2
Feudal
—
Castle
—
Imperial
—
| APM avg | 54.9 |
| APM peak | 69 |
| eAPM avg | 34.4 |
| Villagers / military | 34 / 3 |
Focus
⚔️ 65.4% · 🌾 34.6%
Militia ×3
Match map
Initial resources + every placement click. Lines = walls · curves = elevation contours. ◆ gold · ⬟ stone · ● berries · ✦ relic · ◌ wall gap
Your base
AG ALEXKNG1's base
Smoothed initial terrain · ◌ = detected wall gap · hover for details
Inputs per minute
— DraconicAspirant - - AG ALEXKNG1
Build order — DraconicAspirant
45 actions detected in the replay
| 0:00 | Queue | Villager (Male) |
| 0:00 | Queue | Villager (Male) |
| 0:00 | Queue | Villager (Male) |
| 0:00 | Queue | Villager (Male) |
| 0:00 | Queue | Villager (Male) |
| 0:00 | Queue | Villager (Male) |
| 0:02 | Build | House |
| 0:03 | Build | House |
| 1:29 | Queue | Villager (Male) |
| 1:55 | Build | Lumber Camp |
| 1:57 | Queue | Villager (Male) |
| 2:13 | Queue | Villager (Male) |
| 2:54 | Queue | Villager (Male) |
| 3:18 | Queue | Villager (Male) |
| 3:18 | Queue | Villager (Male) |
| 3:39 | Queue | Villager (Male) |
| 4:01 | Build | House |
| 4:10 | Queue | Villager (Male) |
| 4:10 | Queue | Villager (Male) |
| 4:41 | Queue | Villager (Male) |
| 4:41 | Queue | Villager (Male) |
| 5:03 | Queue | Villager (Male) |
| 5:17 | Build | Barracks |
| 5:34 | Queue | Villager (Male) |
| 5:34 | Queue | Villager (Male) |
| 6:03 | Queue | Villager (Male) |
| 6:29 | Research | Loom |
| 6:41 | Build | Palisade Wall |
| 6:45 | Build | Palisade Wall |
| 6:47 | Build | Palisade Wall |
| 6:50 | Build | Palisade Wall |
| 6:52 | Build | Palisade Wall |
| 6:56 | Research | Feudal Age |
| 7:03 | Build | Palisade Wall |
| 7:05 | Build | Palisade Wall |
| 7:07 | Build | Palisade Wall |
| 7:10 | Build | Palisade Wall |
| 7:12 | Build | Palisade Wall |
| 7:38 | Queue | Militia |
| 7:38 | Queue | Militia |
| 7:41 | Build | Mining Camp |
| 8:07 | Build | House |
| 8:09 | Build | Palisade Wall |
| 8:18 | Queue | Villager (Male) |
| 8:44 | Build | Mill |
Build order — AG ALEXKNG1
46 actions detected in the replay
| 0:01 | Research | Loom |
| 0:44 | Queue | Villager (Male) |
| 0:44 | Queue | Villager (Male) |
| 1:14 | Queue | Villager (Male) |
| 1:43 | Queue | Villager (Male) |
| 1:43 | Queue | Villager (Male) |
| 1:43 | Queue | Villager (Male) |
| 2:13 | Queue | Villager (Male) |
| 2:17 | Build | Barracks |
| 2:36 | Queue | Villager (Male) |
| 2:37 | Queue | Villager (Male) |
| 2:37 | Queue | Villager (Male) |
| 3:04 | Build | House |
| 3:10 | Queue | Villager (Male) |
| 3:10 | Queue | Villager (Male) |
| 3:10 | Queue | Villager (Male) |
| 3:35 | Queue | Villager (Male) |
| 3:35 | Queue | Villager (Male) |
| 3:36 | Queue | Villager (Male) |
| 3:53 | Build | House |
| 4:00 | Queue | Villager (Male) |
| 4:00 | Queue | Villager (Male) |
| 4:00 | Queue | Villager (Male) |
| 4:12 | Queue | Militia |
| 4:25 | Queue | Villager (Male) |
| 4:44 | Queue | Villager (Male) |
| 4:53 | Queue | Militia |
| 5:16 | Queue | Villager (Male) |
| 5:17 | Queue | Villager (Male) |
| 5:17 | Queue | Villager (Male) |
| 5:33 | Queue | Villager (Male) |
| 5:33 | Queue | Villager (Male) |
| 6:10 | Queue | Villager (Male) |
| 6:10 | Queue | Villager (Male) |
| 6:10 | Queue | Villager (Male) |
| 6:32 | Queue | Villager (Male) |
| 6:43 | Queue | Militia |
| 6:58 | Queue | Villager (Male) |
| 7:23 | Queue | Villager (Male) |
| 7:30 | Build | House |
| 7:37 | Queue | Villager (Male) |
| 7:55 | Build | Mill |
| 8:04 | Build | Palisade Wall |
| 8:24 | Queue | Villager (Male) |
| 8:45 | Research | Feudal Age |
| 8:51 | Build | Lumber Camp |
Match timeline
| 2:17 | AG ALEXKNG1 · first_building Barracks |
| 5:17 | DraconicAspirant · first_building Barracks |
| 6:41 | DraconicAspirant · wall_segment Palisade Wall x1 |
| 6:45 | DraconicAspirant · wall_segment Palisade Wall x1 |
| 6:47 | DraconicAspirant · wall_segment Palisade Wall x1 |
| 6:50 | DraconicAspirant · wall_segment Palisade Wall x1 |
| 6:52 | DraconicAspirant · wall_segment Palisade Wall x1 |
| 7:03 | DraconicAspirant · wall_segment Palisade Wall x1 |
| 7:05 | DraconicAspirant · wall_segment Palisade Wall x1 |
| 7:07 | DraconicAspirant · wall_segment Palisade Wall x1 |
| 7:10 | DraconicAspirant · wall_segment Palisade Wall x1 |
| 7:12 | DraconicAspirant · wall_segment Palisade Wall x1 |
| 8:04 | AG ALEXKNG1 · wall_segment Palisade Wall x3 |
| 8:09 | DraconicAspirant · wall_segment Palisade Wall x1 |
| 8:58 | AG ALEXKNG1 · resign |
[ AI ANALYSIS · 1 CREDIT ]
What really happened in this match?
Wolo.gg analyzes every decision: build order, eco, micro, common mistakes by bracket. Personalized analysis on WhatsApp or Discord in 30 seconds.
Civ guide
Dravidians
Perfil
DraconicAspirant